 Dungeon Crawl Stone Soup version 0.28-a0-60-g54b5640690 (webtiles) character file.

Game seed: 14465747814321876767

165 nicksoapdish the Covert (level 5, -1/35 HPs)
             Began as an Octopode Brigand on July 31, 2021.
             Was an Initiate of Dithmenos.
             Slain by Grinder (11 damage)
             ... on level 3 of the Dungeon.
             The game lasted 00:15:25 (2828 turns).

nicksoapdish the Covert (Octopode Brigand)          Turns: 2828, Time: 00:15:26

Health: -1/35      AC:  1    Str: 11    XL:     5   Next: 46%
Magic:  5/5        EV: 13    Int: 13    God:    Dithmenos [......]
Gold:   70         SH:  0    Dex: 14    Spells: 4/4 levels left

rFire   . . .      SeeInvis .   a - +2 dagger
rCold   + . .      Faith    .   (no shield)
rNeg    . . .      Spirit   .   (helmet restricted)
rPois   +          Reflect  .   (no amulet)
rElec   .          Harm     .   h - ring of protection from cold
rCorr   .          Rampage  .   d - ring of poison resistance
Will    .....                   (no ring)
Stlth   +++++.....              (no ring)
HPRegen 0.11/turn               (no ring)
MPRegen 0.09/turn               (no ring)
                                (no ring)
                                (no ring)

@: no status effects
A: almost no armour, amphibious, 8 rings, camouflage 1, gelatinous body 1,
(nimble swimmer 1), tentacles
a: Renounce Religion


You were on level 3 of the Dungeon.
You worshipped Dithmenos.
Dithmenos was noncommittal.
You visited 1 branch of the dungeon, and saw 3 of its levels.

You collected 70 gold pieces.

Inventory:

Hand Weapons
 a - a +2 dagger (weapon)
Missiles
 b - 22 poisoned darts (quivered)
 c - 2 curare-tipped darts
Jewellery
 d - a ring of poison resistance (right tentacle)
 h - a ring of protection from cold (left tentacle)
Potions
 e - 2 potions of mutation {unknown}
 f - a potion of brilliance {unknown}
 g - a potion of lignification


   Skills:
 + Level 2.4 Fighting
 + Level 2.5 Short Blades
 - Level 2.1 Throwing
 * Level 2.0 Dodging
 * Level 8.0 Stealth


You had 4 spell levels left.
You didn't know any spells.
Your spell library was empty.

Dungeon Overview and Level Annotations

Branches:
Dungeon (3/15)

Altars:
Dithmenos
Okawaru
Xom
Yredelemnul
The Shining One

Shops:
D:1 ?   D:2 (![=?

Annotations:
D:3 Grinder


Innate Abilities, Weirdness & Mutations

You cannot wear most types of armour.
You are amphibious.
You can wear up to eight rings at the same time.
Your skin changes colour to match your surroundings (Stealth+).
Your rubbery body absorbs attacks. (AC +1, EV +1)
((You are camouflaged near water. (Stealth+)))
You have tentacles for arms and can constrict up to eight enemies at once.


Message History

You closely miss the kobold. Your grab misses the kobold.
The kobold is severely wounded.
Grinder hits you but does no damage. The kobold barely misses you.
Unknown command.
You hit Grinder. Your grab misses Grinder.
Grinder is lightly wounded.
Grinder drinks a potion.
Grinder seems to speed up.
The kobold hits you with a +0 whip.
The kobold throws a stone.
The stone closely misses you.
You don't know any spells.
Throw: 25 darts (poison)
Press: ? - help, Q - select action, (/) - cycle Shift-Dir - straight line, f - Grinder
Aim: Grinder, carrying a wand of polymorph (5) (fast, 57% to hit)
You throw a poisoned dart. The poisoned dart hits Grinder.
Grinder blinks!
Throw: 24 darts (poison)
Press: ? - help, Q - select action, (/) - cycle Shift-Dir - straight line, f/p - Grinder
Aim: Grinder, carrying a wand of polymorph (5) (fast, 57% to hit)
You throw a poisoned dart. The poisoned dart hits Grinder.
Grinder is poisoned.
Throw: 23 darts (poison)
Press: ? - help, Q - select action, (/) - cycle Shift-Dir - straight line, f/p - Grinder
Aim: Grinder, carrying a wand of polymorph (5) (lightly wounded, fast, poisoned, 57% to hit)
You throw a poisoned dart. The poisoned dart hits Grinder.
Grinder is lightly wounded.
Grinder gestures at you. Pain shoots through your body!
You barely miss the kobold. You grab the kobold.
The kobold is moderately wounded.
You constrict the kobold. Grinder gestures at you.
Pain shoots through your body!
* * * LOW HITPOINT WARNING * * *
The kobold misses you.
Grinder blinks!
You hit Grinder but do no damage. You grab Grinder.
Grinder is lightly wounded.
You constrict Grinder. You constrict the kobold.
You kill the kobold!
Dithmenos accepts your kill. Grinder hits you!
You die...

############### >...
............).. ##...
#............# ....
...+............#
...##...#.....5......#
...##.[.#.......[....#
....#...# ##(######
....#...# ##..)@...#
.(..#...# #....5.#.###
........# #........[...
...#....####..§..._.####
#.##.......#.(.......#
..###.#.##.#....8....#
### #...##.#...........
######.###.##._..._.##.#
........†..##.......# .#


You could see Grinder (fast, poisoned).

Vanquished Creatures
  An orc priest (D:3)
  An orc wizard (D:3)
  2 adders
  4 gnolls (D:2)
  2 dart slugs (D:1)
  4 orcs (D:3)
  An endoplasm (D:1)
  3 giant cockroaches
  3 goblins (D:1)
  3 hobgoblins
  2 jackals (D:1)
  A quokka (D:1)
  8 ball pythons
  4 bats
  2 frilled lizards (D:2)
  6 kobolds
  3 rats
50 creatures vanquished.

Notes
Turn   | Place    | Note
-------+----------+-------------------------------------------
     0 | D:1      | nicksoapdish the Octopode Brigand began the quest for the
                  | Orb.
     0 | D:1      | Reached XP level 1. HP: 14/14 MP: 1/1
    42 | D:1      | Found Hyes Qepn's Magic Scroll Boutique.
    78 | D:1      | Reached XP level 2. HP: 16/19 MP: 2/2
   171 | D:1      | Reached skill level 6 in Stealth
   595 | D:1      | Reached XP level 3. HP: 24/24 MP: 3/3
  1136 | D:2      | Found Qeczum's Distillery.
  1186 | D:2      | Found Saduddiul's Antique Armour Boutique.
  1188 | D:2      | Found Caneasar's Jewellery Emporium.
  1520 | D:2      | Found Bylagev's Magic Scroll Shoppe.
  1746 | D:2      | Reached skill level 7 in Stealth
  1746 | D:2      | Reached XP level 4. HP: 26/29 MP: 4/4
  2122 | D:2      | Found Xyrum's Antique Weapon Emporium.
  2250 | D:3      | Reached XP level 5. HP: 32/35 MP: 5/5
  2753 | D:3      | Reached skill level 8 in Stealth
  2789 | D:3      | Found a shimmering altar of Xom.
  2799 | D:3      | Found a basalt altar of Yredelemnul.
  2799 | D:3      | Found an iron altar of Okawaru.
  2804 | D:3      | Found a shadowy altar of Dithmenos.
  2804 | D:3      | Found a glowing golden altar of the Shining One.
  2812 | D:3      | Became a worshipper of Dithmenos the Shadowed
  2818 | D:3      | Noticed Grinder
  2828 | D:3      | Slain by Grinder

Illustrated notes

Levels and vault maps discovered:
D:1:      wander_arrival_peaceful_grave, layout_rooms, serial_shops,
          nicolae_shop_stone, serial_bayou_pond_a
D:2:      layout_loops_ring, serial_shops, nicolae_lakefront_shop,
          nicolae_shop_statue_plus, shop, shop,
          nicolae_shop_competitors_out_of_business
D:3:      layout_basic, mainiacjoe_overflow_brackets,
          mainiacjoe_overflow_surrounded_room, grunt_temple_overflow_open,
          shapermc_ecumenical_altar_venn, minmay_lizard_king, uniq_grinder

Skill      XL: |  1  2  3  4  5 |
---------------+----------------+-----
Stealth        | 6 7 8 |  8.0
Dodging        | 2 |  2.0
Fighting       | |  2.4
Short Blades   | |  2.5
Throwing       | |  2.1

Action                   |  1- 3 |  4- 6 || total
-------------------------+-------+-------++-------
Melee: Dagger            |    50 |    37 ||    87
       Constrict         |    10 |     8 ||    18
       Tentacles         |     8 |     5 ||    13
Throw: Dart              |    25 |    22 ||    47
  Use: Scroll            |     3 |     1 ||     4
       Potion            |     1 |     1 ||     2
 Stab: Sleeping          |     4 |     2 ||     6
Armor: Skin              |     1 |     2 ||     3
Dodge: Dodged            |    26 |    12 ||    38

Table legend: (Time is in decaauts)
 A = Elapsed time spent in this place.
 B = Non-inter-level travel time spent in this place.
 C = Inter-level travel time spent in this place.
 D = Time resting spent in this place.
 E = Time spent auto-exploring this place.
 F = Levels seen in this place.
 G = Mean time per level.
                   A        B        C        D        E       F      G
               +--------+--------+--------+--------+--------+-----+--------+
         Total |   2814 |   2715 |     99 |    228 |   1913 |   3 |  938.0 |
       Dungeon |   2814 |   2715 |     99 |    228 |   1913 |   3 |  938.0 |
               +--------+--------+--------+--------+--------+-----+--------+

Top non-repeatable levels by time:
     D:2: 1488 daAuts
     D:1: 941 daAuts
     D:3: 384 daAuts
